[ AOE2 MATCH · #507177783 ]
UnrankedBulgarians vs Malay
Player's team · WIN
Rival team · LOSS
[ REPLAY ANALYSIS · EXTRACTED FROM THE RECORDED GAME ]
Feudal
9:20
Castle
25:42
Imperial
—
| APM avg | 35.3 |
| APM peak | 73 |
| eAPM avg | 17.7 |
| Villagers / military | 64 / 45 |
Focus
⚔️ 31.6% · 🌾 68.4%
Militia ×33 · Skirmisher ×12
Feudal
8:46
Castle
24:28
Imperial
—
| APM avg | 41.3 |
| APM peak | 86 |
| eAPM avg | 16.0 |
| Villagers / military | 41 / 18 |
Focus
⚔️ 22.6% · 🌾 77.4%
Archer ×14 · Militia ×4
Match map
Initial resources + every placement click. Lines = walls · curves = elevation contours. ◆ gold · ⬟ stone · ● berries · ✦ relic · ◌ wall gap
Your base· Open — 3t gap
gen_soleimani's base· Open — unwalled flank
Smoothed initial terrain · ◌ = detected wall gap · hover for details
Inputs per minute
— Matasariano9065 - - gen_soleimani
Build order — Matasariano9065
First 150 of 174 actions detected
| 0:01 | Queue | Villager (Male) |
| 0:01 | Queue | Villager (Male) |
| 0:03 | Build | House |
| 0:05 | Build | House |
| 0:16 | Queue | Villager (Male) |
| 0:16 | Queue | Villager (Male) |
| 1:27 | Queue | Villager (Male) |
| 1:27 | Queue | Villager (Male) |
| 1:47 | Build | Lumber Camp |
| 2:04 | Queue | Villager (Male) |
| 2:05 | Queue | Villager (Male) |
| 2:10 | Build | House |
| 2:12 | Build | House |
| 2:15 | Queue | Villager (Male) |
| 2:50 | Queue | Villager (Male) |
| 3:08 | Queue | Villager (Male) |
| 3:09 | Queue | Villager (Male) |
| 3:50 | Queue | Villager (Male) |
| 3:50 | Queue | Villager (Male) |
| 4:00 | Queue | Villager (Male) |
| 4:28 | Queue | Villager (Male) |
| 4:29 | Queue | Villager (Male) |
| 4:32 | Queue | Villager (Male) |
| 4:34 | Queue | Villager (Male) |
| 4:35 | Queue | Villager (Male) |
| 5:26 | Queue | Villager (Male) |
| 5:27 | Queue | Villager (Male) |
| 5:44 | Build | Barracks |
| 6:43 | Research | Loom |
| 7:09 | Research | Feudal Age |
| 7:10 | Research | Feudal Age |
| 7:25 | Queue | Militia |
| 7:25 | Queue | Militia |
| 7:34 | Build | House |
| 7:36 | Build | Palisade Wall |
| 8:08 | Queue | Militia |
| 8:08 | Queue | Militia |
| 8:41 | Build | House |
| 8:42 | Build | Palisade Wall |
| 8:43 | Build | Palisade Wall |
| 8:44 | Build | Palisade Wall |
| 8:48 | Queue | Militia |
| 8:49 | Queue | Militia |
| 9:10 | Queue | Villager (Male) |
| 9:16 | Build | House |
| 9:20 | Age | Feudal Age |
| 9:21 | Build | Mill |
| 9:35 | Queue | Villager (Male) |
| 10:00 | Build | Watch Tower |
| 10:02 | Queue | Villager (Male) |
| 10:02 | Queue | Villager (Male) |
| 10:06 | Build | House |
| 10:09 | Build | Palisade Wall |
| 10:44 | Queue | Villager (Male) |
| 11:07 | Queue | Villager (Male) |
| 11:10 | Build | Archery Range |
| 11:40 | Queue | Villager (Male) |
| 11:40 | Queue | Villager (Male) |
| 11:43 | Build | Farm |
| 11:43 | Queue | Villager (Male) |
| 11:51 | Research | Double-Bit Axe |
| 11:52 | Research | Double-Bit Axe |
| 12:12 | Queue | Villager (Male) |
| 12:19 | Build | Farm |
| 12:22 | Queue | Skirmisher |
| 12:22 | Queue | Skirmisher |
| 12:22 | Queue | Skirmisher |
| 12:34 | Build | House |
| 12:35 | Build | Palisade Wall |
| 12:39 | Build | Palisade Gate |
| 12:43 | Build | Palisade Wall |
| 12:45 | Queue | Villager (Male) |
| 12:50 | Queue | Villager (Male) |
| 13:09 | Queue | Villager (Male) |
| 13:13 | Queue | Villager (Male) |
| 13:27 | Queue | Skirmisher |
| 13:28 | Queue | Skirmisher |
| 13:35 | Build | Mining Camp |
| 13:36 | Queue | Villager (Male) |
| 13:47 | Queue | Villager (Male) |
| 13:51 | Queue | Skirmisher |
| 13:51 | Queue | Skirmisher |
| 14:14 | Build | Farm |
| 14:17 | Queue | Villager (Male) |
| 14:34 | Queue | Villager (Male) |
| 14:37 | Queue | Skirmisher |
| 14:38 | Queue | Villager (Male) |
| 14:50 | Build | Farm |
| 15:06 | Build | House |
| 15:13 | Build | Farm |
| 15:19 | Build | Farm |
| 15:19 | Queue | Villager (Male) |
| 15:25 | Queue | Skirmisher |
| 15:26 | Queue | Skirmisher |
| 16:01 | Build | Palisade Wall |
| 16:39 | Build | Watch Tower |
| 16:49 | Build | Farm |
| 16:49 | Queue | Villager (Male) |
| 16:51 | Queue | Villager (Male) |
| 17:22 | Build | Mining Camp |
| 17:22 | Queue | Villager (Male) |
| 17:27 | Build | Farm |
| 17:30 | Build | Farm |
| 17:51 | Queue | Villager (Male) |
| 18:01 | Build | Blacksmith |
| 18:06 | Build | Farm |
| 18:06 | Build | Farm |
| 18:07 | Build | Farm |
| 18:22 | Build | Watch Tower |
| 18:31 | Queue | Villager (Male) |
| 18:42 | Build | Palisade Wall |
| 19:08 | Queue | Villager (Male) |
| 19:13 | Queue | Militia |
| 19:13 | Queue | Militia |
| 19:13 | Queue | Militia |
| 19:22 | Queue | Villager (Male) |
| 19:26 | Queue | Skirmisher |
| 19:27 | Queue | Skirmisher |
| 19:50 | Build | Mill |
| 19:51 | Build | Farm |
| 19:52 | Build | Farm |
| 19:52 | Build | Farm |
| 19:52 | Build | Farm |
| 19:54 | Research | Fletching |
| 19:57 | Queue | Villager (Male) |
| 20:02 | Build | Farm |
| 20:04 | Build | Farm |
| 20:04 | Queue | Villager (Male) |
| 20:13 | Queue | Militia |
| 20:14 | Queue | Militia |
| 20:33 | Build | Watch Tower |
| 20:43 | Queue | Villager (Male) |
| 20:51 | Queue | Villager (Male) |
| 21:06 | Queue | Villager (Male) |
| 21:11 | Queue | Militia |
| 21:13 | Queue | Villager (Male) |
| 21:20 | Build | Market |
| 21:26 | Build | Farm |
| 21:26 | Build | Farm |
| 21:26 | Build | Farm |
| 21:27 | Build | Farm |
| 21:31 | Build | House |
| 21:32 | Build | House |
| 22:00 | Build | Watch Tower |
| 22:01 | Queue | Villager (Male) |
| 22:08 | Build | Farm |
| 22:08 | Queue | Villager (Male) |
| 22:12 | Queue | Villager (Male) |
| 22:43 | Queue | Villager (Male) |
| 23:02 | Research | Castle Age |
Build order — gen_soleimani
117 actions detected in the replay
| 0:00 | Queue | Villager (Male) |
| 0:01 | Queue | Villager (Male) |
| 0:02 | Build | House |
| 0:04 | Build | House |
| 0:08 | Queue | Villager (Male) |
| 0:08 | Queue | Villager (Male) |
| 1:30 | Queue | Villager (Male) |
| 1:30 | Queue | Villager (Male) |
| 2:02 | Queue | Villager (Male) |
| 2:03 | Queue | Villager (Male) |
| 2:04 | Build | Lumber Camp |
| 2:41 | Queue | Villager (Male) |
| 3:08 | Queue | Villager (Male) |
| 3:09 | Queue | Villager (Male) |
| 3:43 | Build | Mill |
| 4:01 | Queue | Villager (Male) |
| 4:06 | Queue | Villager (Male) |
| 4:15 | Queue | Villager (Male) |
| 4:15 | Queue | Villager (Male) |
| 4:19 | Build | House |
| 5:08 | Queue | Villager (Male) |
| 5:36 | Queue | Villager (Male) |
| 5:47 | Queue | Villager (Male) |
| 5:53 | Queue | Villager (Male) |
| 6:18 | Build | House |
| 6:45 | Research | Loom |
| 7:08 | Build | Barracks |
| 7:28 | Research | Feudal Age |
| 8:13 | Build | Mining Camp |
| 8:19 | Build | House |
| 8:46 | Age | Feudal Age |
| 8:47 | Queue | Villager (Male) |
| 8:51 | Research | Double-Bit Axe |
| 9:02 | Build | Archery Range |
| 9:13 | Queue | Villager (Male) |
| 9:14 | Queue | Villager (Male) |
| 9:33 | Build | Palisade Wall |
| 9:34 | Build | Palisade Wall |
| 9:41 | Queue | Villager (Male) |
| 9:45 | Build | House |
| 9:55 | Build | House |
| 10:00 | Build | Palisade Wall |
| 10:03 | Build | House |
| 10:06 | Build | Palisade Wall |
| 10:06 | Build | Palisade Wall |
| 10:14 | Queue | Archer |
| 10:15 | Queue | Archer |
| 10:16 | Queue | Villager (Male) |
| 10:16 | Queue | Villager (Male) |
| 10:29 | Build | Watch Tower |
| 11:17 | Build | Watch Tower |
| 11:25 | Queue | Archer |
| 11:25 | Queue | Archer |
| 11:25 | Queue | Archer |
| 11:31 | Build | House |
| 11:41 | Queue | Villager (Male) |
| 11:41 | Queue | Villager (Male) |
| 11:42 | Queue | Villager (Male) |
| 12:09 | Queue | Villager (Male) |
| 12:28 | Build | Lumber Camp |
| 12:38 | Queue | Archer |
| 13:01 | Queue | Villager (Male) |
| 13:31 | Queue | Archer |
| 13:51 | Build | Blacksmith |
| 14:03 | Queue | Archer |
| 14:04 | Queue | Villager (Male) |
| 14:05 | Queue | Villager (Male) |
| 14:08 | Build | Farm |
| 14:31 | Build | Farm |
| 14:32 | Build | Farm |
| 14:37 | Build | House |
| 14:47 | Research | Fletching |
| 14:48 | Research | Fletching |
| 15:01 | Build | Farm |
| 15:15 | Build | Farm |
| 15:23 | Queue | Archer |
| 15:23 | Queue | Archer |
| 16:08 | Queue | Archer |
| 16:08 | Queue | Archer |
| 16:18 | Queue | Villager (Male) |
| 16:18 | Queue | Villager (Male) |
| 16:21 | Build | Mining Camp |
| 16:24 | Build | House |
| 16:26 | Build | House |
| 17:33 | Build | Farm |
| 17:34 | Build | Farm |
| 17:35 | Build | Farm |
| 17:41 | Research | Man-at-Arms (upgrade) |
| 17:41 | Research | Man-at-Arms (upgrade) |
| 17:46 | Queue | Villager (Male) |
| 17:49 | Build | Farm |
| 18:53 | Queue | Villager (Male) |
| 18:53 | Queue | Villager (Male) |
| 19:16 | Build | Farm |
| 19:17 | Build | Farm |
| 19:26 | Queue | Militia |
| 19:26 | Queue | Militia |
| 19:26 | Queue | Militia |
| 19:41 | Queue | Villager (Male) |
| 19:47 | Build | Market |
| 20:36 | Queue | Militia |
| 21:27 | Build | Mining Camp |
| 21:39 | Build | Farm |
| 22:03 | Build | Watch Tower |
| 22:52 | Research | Castle Age |
| 23:22 | Build | Lumber Camp |
| 24:28 | Age | Castle Age |
| 24:41 | Build | Castle |
| 24:43 | Queue | Villager (Male) |
| 24:43 | Queue | Villager (Male) |
| 24:57 | Build | Farm |
| 25:26 | Queue | Archer |
| 25:27 | Queue | Archer |
| 25:53 | Queue | Villager (Male) |
| 26:00 | Build | House |
| 26:01 | Build | House |
| 26:11 | Build | Mining Camp |
Match timeline
| 5:44 | Matasariano9065 · first_building Barracks |
| 7:08 | gen_soleimani · first_building Barracks |
| 7:36 | Matasariano9065 · wall_segment Palisade Wall x3 |
| 8:42 | Matasariano9065 · wall_segment Palisade Wall x1 |
| 8:43 | Matasariano9065 · wall_segment Palisade Wall x1 |
| 8:44 | Matasariano9065 · wall_segment Palisade Wall x1 |
| 8:46 | gen_soleimani · age_up feudal |
| 9:02 | gen_soleimani · first_building Archery Range |
| 9:20 | Matasariano9065 · age_up feudal |
| 9:33 | gen_soleimani · wall_segment Palisade Wall x1 |
| 9:34 | gen_soleimani · wall_segment Palisade Wall x1 |
| 10:00 | gen_soleimani · wall_segment Palisade Wall x1 |
| 10:06 | gen_soleimani · wall_segment Palisade Wall x1 |
| 10:06 | gen_soleimani · wall_segment Palisade Wall x1 |
| 10:09 | Matasariano9065 · wall_segment Palisade Wall x9 |
| 11:10 | Matasariano9065 · first_building Archery Range |
| 12:35 | Matasariano9065 · wall_segment Palisade Wall x1 |
| 12:43 | Matasariano9065 · wall_segment Palisade Wall x6 |
| 16:01 | Matasariano9065 · wall_segment Palisade Wall x2 |
| 18:42 | Matasariano9065 · wall_segment Palisade Wall x1 |
| 20:57 | gen_soleimani · first_market_sell 100 wood |
| 20:59 | gen_soleimani · first_market_buy 100 food |
| 22:51 | Matasariano9065 · first_market_sell 100 wood |
| 22:53 | Matasariano9065 · first_market_buy 100 food |
| 24:28 | gen_soleimani · age_up castle |
| 24:41 | gen_soleimani · first_building Castle |
| 25:42 | Matasariano9065 · age_up castle |
| 26:01 | Matasariano9065 · first_building Siege Workshop |
| 26:40 | gen_soleimani · resign |
[ AI ANALYSIS · 1 CREDIT ]
What really happened in this match?
Wolo.gg analyzes every decision: build order, eco, micro, common mistakes by bracket. Personalized analysis on WhatsApp or Discord in 30 seconds.
Civ guide
Bulgarians
Perfil
Jugador #20275312